 Dungeon Crawl Stone Soup version 0.32-a0-876-gcfddb08 (webtiles) character file.

Game seed: 5256252574239686552

76 Dorkslayer the Ducker (level 4, -2/31 HPs)
             Began as an Octopode Fighter on Mar 31, 2024.
             Slain by a water moccasin (6 damage)
             ... on level 3 of the Dungeon.
             The game lasted 00:03:26 (1637 turns).

Dorkslayer the Ducker (Octopode Fighter)            Turns: 1637, Time: 00:03:27

Health: -2/31      AC:  1    Str: 17    XL:     4   Next: 32%
Magic:  4/4        EV: 12    Int: 10    God:
Gold:   110        SH:  4    Dex: 11    Spells: 3/3 levels left

rFire   . . .        a - +0 war axe
rCold   . . .        b - +0 buckler
rNeg    + + .        (helmet restricted)
rPois   .            (no amulet)
rElec   .            i - ring of positive energy
rCorr   .            l - ring of positive energy
SInv    .            (no ring)
Will    .....        (no ring)
Stlth   +++          (no ring)
HPRegen 0.25/turn    (no ring)
MPRegen 0.09/turn    (no ring)
                     (no ring)

%: no passive effects
@: no status effects
A: almost no armour, amphibious, 8 rings, camouflage 1, gelatinous body 1,
(nimble swimmer 1), tentacles
a: no special abilities


You were on level 3 of the Dungeon.
You visited 1 branch of the dungeon, and saw 3 of its levels.

You collected 110 gold pieces.

Inventory:

Hand Weapons
 a - a +0 war axe (weapon)
 k - a +0 war axe
Missiles
 f - 3 javelins (quivered)
Armour
 b - a +0 buckler (worn)
Jewellery
 i - a ring of positive energy (left tentacle)
 l - a ring of positive energy (right tentacle)
Talismans
 h - a serpent talisman
Potions
 c - a potion of might
 g - 2 potions of curing
 j - a potion of lignification {unknown}


   Skills:
 + Level 3.4 Fighting
 + Level 2.4 Axes
 + Level 3.6 Dodging
 + Level 2.0 Stealth
 + Level 3.3 Shields
 * Level 0.7 Shapeshifting


You had 3 spell levels left.
You didn't know any spells.
Your spell library contained the following spells:

 Spells                   Type           Power      Damage    Failure   Level
 Dazzling Flash           Conj/Hex       0%         N/A       82%         3
 Mephitic Cloud           Conj/Alch/Air  0%         N/A       82%         3
 Curse of Agony           Necr           0%         N/A       100%        5
 Silence                  Hex/Air        0%         N/A       100%        5


Dungeon Overview and Level Annotations

Branches:
Dungeon (3/15)

Altars:


Innate Abilities, Weirdness & Mutations

You cannot wear most types of armour.
You are amphibious.
You can wear up to eight rings at the same time.
Your skin changes colour to match your surroundings (Stealth+).
Your rubbery body absorbs attacks. (AC +1, EV +1)
((You are camouflaged when in or above water. (Stealth+)))
You have tentacles for arms and can constrict up to eight enemies at once.


Message History

You kill the adder!
You feel sick.
Your Stealth skill increases to level 2!
You feel sick.
You feel sick.
Found a ring of positive energy.
You feel sick.
You now have 92 gold pieces (gained 8).
You feel sick.
You are no longer poisoned.
Found 18 gold pieces.
l - a ring of positive energy
l - a ring of positive energy (right tentacle)
You now have 110 gold pieces (gained 18).
Found a robe and 3 atropa-tipped darts.
Found a scroll labelled HENNEILIUL.
You see here a +0 robe.
m - a scroll labelled HENNEILIUL
As you read the scroll labelled NIEW KISUWY, it crumbles to dust.
You hear a loud clanging noise!
It was a scroll of noise.
You hear an angry hiss.
You hear a shout! x7
Okay, then.
You drop a scroll of noise.
As you read the scroll labelled UTEBUSYKHI, it crumbles to dust.
It is a scroll of identify.
g - 2 potions of curing Blink to where?
Press: ? - help, Dir - move target
As you read the scroll labelled HENNEILIUL, it crumbles to dust.
It was a scroll of blinking.
A water moccasin comes into view.
You closely miss the water moccasin. Your grab misses the water moccasin.
Your squeeze misses the water moccasin. The water moccasin bites you! x2
* * * LOW HITPOINT WARNING * * *
You hit the water moccasin but do no damage.
Your grab misses the water moccasin. Your squeeze misses the water moccasin.
The water moccasin completely misses you.
The water moccasin misses you.
You closely miss the water moccasin. You grab the water moccasin.
You constrict the water moccasin. The water moccasin bites you.
You die...

.<######.###.#
.............#
.#######..####
.# ##...[# .#
####.### .#
#?..# .#
###(.# . #.##
#.@####
##.S..# ####.#
... .....
......#
......#
......#
.....##


You could see a water moccasin.

Vanquished Creatures
  3 adders
  3 dart slugs
  2 ribbon worms
  3 bats (D:1)
  3 endoplasms (D:1)
  3 giant cockroaches
  4 goblins
  3 hobgoblins
  A quokka (D:2)
  5 ball pythons
  2 frilled lizards
  3 kobolds
  6 rats
41 creatures vanquished.

Notes
Turn   | Place    | Note
-------+----------+-------------------------------------------
     0 | D:1      | Dorkslayer the Octopode Fighter began the quest for the
                  | Orb.
     0 | D:1      | Reached XP level 1. HP: 16/16 MP: 1/1
   179 | D:1      | Reached XP level 2. HP: 19/21 MP: 2/2
   538 | D:1      | Reached XP level 3. HP: 26/26 MP: 3/3
   656 | D:2      | Reached skill level 1 in Stealth
  1332 | D:2      | Reached XP level 4. HP: 18/31 MP: 4/4
  1630 | D:3      | Noticed a water moccasin
  1637 | D:3      | Slain by a water moccasin

Illustrated notes

Levels and vault maps discovered:
D:1:      onia_arrival_mini_spirals, layout_loops_cross
D:2:      layout_basic, eino_tiny_chamber, minmay_misc_feat_cross
D:3:      layout_rooms, serial_corexii_hall, corexii_hall_statues_i,
          chequers_hall_statues_wall_a, corexii_hall_statues_s,
          corexii_hall_statues_i, uniq_jessica

Skill      XL: |  1  2  3  4 |
---------------+-------------+-----
Stealth        | 1 2 |  2.0
Fighting       | |  3.4
Axes           | |  2.4
Dodging        | |  3.6
Shields        | |  3.3
Shapeshifting  | |  0.7

Action                     |  1- 3 |  4- 6 || total
---------------------------+-------+-------++-------
  Melee: War axe           |    45 |    16 ||    61
         Constrict         |    12 |     4 ||    16
         Tentacles         |     9 |     1 ||    10
    Use: Scroll            |       |     3 ||     3
   Stab: Sleeping          |     8 |     1 ||     9
 Armour: Skin              |    16 |    11 ||    27
  Dodge: Dodged            |    28 |    10 ||    38
  Block: Buckler           |    11 |     1 ||    12

Table legend: (Time is in decaauts)
 A = Elapsed time spent in this place.
 B = Non-inter-level travel time spent in this place.
 C = Inter-level travel time spent in this place.
 D = Time resting spent in this place.
 E = Time spent auto-exploring this place.
 F = Levels seen in this place.
 G = Mean time per level.
                   A        B        C        D        E       F      G
               +--------+--------+--------+--------+--------+-----+--------+
         Total |   1661 |   1661 |      0 |      0 |    892 |   3 |  553.7 |
       Dungeon |   1661 |   1661 |      0 |      0 |    892 |   3 |  553.7 |
               +--------+--------+--------+--------+--------+-----+--------+

Top non-repeatable levels by time:
     D:2: 866 daAuts
     D:1: 662 daAuts
     D:3: 132 daAuts
